 Dungeon Crawl Stone Soup version 0.30-a0-881-g1ff12e1e11 (webtiles) character file.

Game seed: 11499068308259382682

92 OrthodoxDeviant the Firebug (level 4, -8/24 HPs)
             Began as a Tengu Fire Elementalist on Mar 14, 2023.
             Mangled by a gnoll
             ... wielding a +0 flail
              (12 damage)
             ... on level 2 of the Dungeon.
             The game lasted 00:08:17 (1546 turns).

OrthodoxDeviant the Firebug (TeFE)                  Turns: 1546, Time: 00:08:18

Health: -8/24      AC:  4    Str:  9    XL:     4   Next: 60%
Magic:  5/9        EV: 12    Int: 17    God:
Gold:   59         SH:  0    Dex: 14    Spells: 7/8 levels left

rFire   . . .      SeeInvis .    c - +3 dagger (venom)
rCold   + . .      Faith    .    (no shield)
rNeg    . . .      Spirit   .    a - +0 robe
rPois   .          Reflect  .    g - +2 hat
rElec   .          Rampage  .    (no cloak)
rCorr   .                        (no gloves)
Will    .....                    (boots unavailable)
Stlth   ++                       (no amulet)
HPRegen 0.24/turn                j - ring of protection from cold
MPRegen 0.11/turn                (no ring)

@: weak-willed
A: beak, talons 3
a: no special abilities


You were on level 2 of the Dungeon.
You visited 1 branch of the dungeon, and saw 2 of its levels.

You collected 59 gold pieces.

Inventory:

Hand Weapons
 c - a +3 dagger of venom (weapon)
Armour
 a - a +0 robe (worn)
 g - a +2 hat (worn)
Magical Staves
 f - a staff of death
Jewellery
 j - a ring of protection from cold (left hand)
Scrolls
 d - 2 scrolls of vulnerability
 l - a scroll of magic mapping
Potions
 b - a potion of magic


   Skills:
 - Level 2.1 Dodging
 - Level 2.0 Stealth
 + Level 2.7 Spellcasting
 + Level 3.0 Conjurations
 * Level 4.6 Fire Magic


You had 7 spell levels left.
You knew the following spells:

 Your Spells              Type           Power      Damage    Failure   Level
a - Foxfire               Conj/Fire      60%        2x1d7     3%          1

Your spell library contained the following spells:

 Spells                   Type           Power      Damage    Failure   Level
 Scorch                   Fire           36%        2d6       4%          2
 Inner Flame              Hex/Fire       10%        N/A       21%         3
 Kindle Blastsparks       Fire/Tloc/Air  14%        2d11      28%         3
 Flame Wave               Conj/Fire      15%        2d7       36%         4


Dungeon Overview and Level Annotations

Branches:
Dungeon (2/15)

Altars:


Innate Abilities, Weirdness & Mutations

You have a beak for a mouth.
You have claws for feet.


Message History

The gnoll attacks as you move away! The gnoll hits you with a +0 flail.
The gnoll attacks as you move away! The gnoll closely misses you.
The gnoll attacks as you move away! The gnoll hits you with a +0 flail!
* * * LOW HITPOINT WARNING * * *
Casting: Foxfire (safe; 3% risk of failure)
Confirm with . or Enter, or press ? or * to list all spells.
You don't know that spell.
Unknown command.
The air fills with toxic fumes!
As you read the scroll labelled WIPPIP QAUBITH, it crumbles to dust.
It was a scroll of poison.
The gnoll closely misses you.
Unknown command.
Unknown command.
Unknown command.
Really walk into that cloud of poison gas?
Okay, then.
It was a potion of cancellation.
You feel magically purged. The gnoll hits you but does no damage.
Unknown command.
Unknown command.
As you read the scroll labelled ZEUL CUESHEKKI, it crumbles to dust.
Magic quickly surges around you.
It was a scroll of vulnerability.
The gnoll closely misses you.
As you read the scroll labelled LANKUT WELAQI, it crumbles to dust.
It is a scroll of enchant weapon.
Your +2 dagger of venom glows red for a moment.
The gnoll closely misses you.
Unknown command.
As you read the scroll labelled ZUEROSHRA QUTHRI, it crumbles to dust.
It is a scroll of identify.
l - a scroll of magic mapping The gnoll barely misses you.
Unknown command.
Okay, then.
Okay, then.
You completely miss the gnoll.
The gnoll is severely wounded.
The gnoll hits you with a +0 flail!
Ouch! That really hurt!
You die...

##.#####.##.##.##.##..
..........#.##.#...#..
##.#####.........#....
#.......#...##. .#..##
#.##.####..###. ......
#<##...........
#..§§########☼##§§###..###.
..§§§§§§§§§§§§§§§.........
....##.##@#.##.#.###.#####
# #)#.##.##g#.##.#.# #...#
# #g#.##.##☼#.##.#.# #...#
#>#.##.##g#.##.#.###...###
#.#.##.##§#.##.#..........
#....gg.g§§.##.#....).....
######.##§§.##............
#.##§§###.###.#..)###
#.........# #.....#


You could see 3 gnolls.

Vanquished Creatures
  Terence (D:2)
  A gnoll (D:2)
  2 adders (D:2)
  A worm (D:2)
  An orc (D:2)
  6 ball pythons
  3 endoplasms
  A giant cockroach (D:2)
  2 hobgoblins
  2 jackals (D:1)
  A quokka (D:1)
  2 bats
  4 goblins
  6 kobolds
  3 rats
36 creatures vanquished.

Vanquished Creatures (others)
  132 foxfires
132 creatures vanquished.

Grand Total: 168 creatures vanquished

Notes
Turn   | Place    | Note
-------+----------+-------------------------------------------
     0 | D:1      | OrthodoxDeviant the Tengu Fire Elementalist began the quest
                  | for the Orb.
     0 | D:1      | Reached XP level 1. HP: 10/10 MP: 4/4
   311 | D:1      | Reached XP level 2. HP: 15/15 MP: 4/6
   882 | D:2      | Noticed Terence
   887 | D:2      | Killed Terence
   888 | D:2      | Reached skill level 4 in Fire Magic
   888 | D:2      | Reached XP level 3. HP: 13/19 MP: 5/7
  1184 | D:2      | Reached XP level 4. HP: 24/24 MP: 5/8
  1546 | D:2      | Mangled by a gnoll

Illustrated notes

Levels and vault maps discovered:
D:1:      minmay_arrival_five_plusses, layout_rooms
D:2:      layout_loops_ring, uniq_terence

Skill      XL: |  1  2  3  4 |
---------------+-------------+-----
Conjurations   | 2 3 |  3.0
Fire Magic     | 4 |  4.6
Dodging        | |  2.1
Stealth        | |  2.0
Spellcasting   | |  2.7

Action                     |  1- 3 |  4- 6 || total
---------------------------+-------+-------++-------
  Melee: Dagger            |     9 |     1 ||    10
         Kick              |     2 |       ||     2
         Unarmed           |     1 |       ||     1
         Peck              |     1 |       ||     1
   Cast: Foxfire           |    54 |    22 ||    76
    Use: Scroll            |       |     4 ||     4
         Potion            |       |     1 ||     1
   Stab: Sleeping          |     1 |       ||     1
 Armour: Robe              |     2 |     1 ||     3
  Dodge: Dodged            |    13 |     8 ||    21

Table legend: (Time is in decaauts)
 A = Elapsed time spent in this place.
 B = Non-inter-level travel time spent in this place.
 C = Inter-level travel time spent in this place.
 D = Time resting spent in this place.
 E = Time spent auto-exploring this place.
 F = Levels seen in this place.
 G = Mean time per level.
                   A        B        C        D        E       F      G
               +--------+--------+--------+--------+--------+-----+--------+
         Total |   1546 |   1496 |     50 |    128 |   1062 |   2 |  773.0 |
       Dungeon |   1546 |   1496 |     50 |    128 |   1062 |   2 |  773.0 |
               +--------+--------+--------+--------+--------+-----+--------+

Top non-repeatable levels by time:
     D:1: 881 daAuts
     D:2: 665 daAuts
